 Dungeon Sprint DCSS version 0.31-a0-640-g39d97e502b (webtiles) character file.

Game seed: 8097640758373616907

259 jt the Grappler (level 6, -9/51 HPs)
             Began as a Merfolk Shapeshifter on Aug 27, 2023.
             Mangled by a shadow (20 damage)
             ... in the Dungeon (Sprint III: "The Ten Rune Challenge").
             The game lasted 00:01:39 (287 turns).

jt the Grappler (Merfolk Shapeshifter)               Turns: 287, Time: 00:01:40

Health: -9/51      AC: -6    Str: 17    XL:     6   Next: 17%
Magic:  6/6        EV: 14    Int:  9    God:
Gold:   19         SH:  0    Dex: 13    Spells: 5/5 levels left

rFire   . .          .
                       - Unarmed
rCold   . . .        (no shield)
rNeg    . . .        a - +0 animal skin
rPois   .            (helmet currently unavailable)
rElec   .            (cloak currently unavailable)
rCorr   .            (gloves currently unavailable)
SInv    .            (boots currently unavailable)
Will    .....        (no amulet)
Stlth   +            (no ring)
HPRegen 0.28/turn    (no ring)
MPRegen 0.10/turn

%: no teleportation
@: beast-form, corroded
A: beast (slay +3), (nimble swimmer 2), mertail
a: Begin Untransformation


You were in the Dungeon.
You were a hulking beast.
You visited 1 branch You collected 19 gold pieces.

Inventory:

Hand Weapons
 r - a +0 dagger of venom
Missiles
 l - 2 stones
Armour
 a - a +0 animal skin (worn)
Talismans
 c - a beast talisman (active)
 d - a flux talisman
Wands
 i - a wand of polymorph (6)
Scrolls
 j - a scroll of blinking
 k - a scroll of poison {unknown}
 m - 2 scrolls of immolation {unknown}
 n - a scroll of fog {unknown}
 p - a scroll of identify {unknown}
Potions
 b - 3 potions of mutation {unknown}
 e - 2 potions of curing
 g - a potion of haste
 h - 2 potions of magic
 o - a potion of attraction {unknown}
 q - a potion of enlightenment {unknown}


   Skills:
 + Level 5.0 Fighting
 + Level 5.8 Dodging
 + Level 11.1 Unarmed Combat
 - Level 2.2 Evocations
 - Level 6.0 Shapeshifting


You had 5 spell levels left.
You didn't know any spells.
Your spell library contained the following spells:

 Spells                   Type           Power      Damage    Failure   Level
 Magic Dart               Conj           0%         1d3       38%         1
 Searing Ray              Conj           0%         2d4       52%         2
 Fulminant Prism          Conj/Hex       0%         3d5       99%         4
 Chain Lightning          Conj/Air       0%         N/A       100%        9
 Fire Storm               Conj/Fire      0%         5d1       100%        9
 Shatter                  Erth           0%         3d5*      100%        9


Dungeon Overview and Level Annotations

Branches:
Dungeon (1/1)

Altars:
Dithmenos
Kikubaaqudgha
Ru
Sif Muna
Vehumet
Yredelemnul


Innate Abilities, Weirdness & Mutations

You are a hulking beast.
Your limbs bulge with bestial killing power. (Slay +3)
((You are very nimble when in or above water. (Stealth+, EV+, Speed+++)))
Your lower body shifts to a powerful aquatic tail in water.


Message History

The shadow barely misses you.
You hit the shadow.
The shadow is severely damaged.
The shadow misses you. The jelly hits you.
You are splashed with acid!
You barely miss the shadow.
The shadow is severely damaged.
The shadow slips into darkness.
The shadow flickers and vanishes!
Deactivating autopickup; reactivate with Ctrl-A.
The jelly hits you. The acid corrodes you!
You are splashed with acid!
You hit the jelly.
Your hands burn!
The jelly is lightly wounded.
You barely miss something.
The shadow strikes at you from the darkness!
* * * LOW HITPOINT WARNING * * *
Reactivating autopickup.
The jelly closely misses you.
Unknown command.
You feel much better. The shadow barely misses you.
The jelly closely misses you.
Okay, then.
You hit the shadow.
The shadow is almost destroyed.
The shadow hits you! The jelly misses you.
Aiming: Polymorph
Press: ? - help, Shift-Dir - straight line, f - jelly
Aim: a jelly (lightly wounded, will become a river rat, a bat, or a swamp drake, chance to affect: 64%)
The jelly struggles to resist.
The shadow closely misses you. The jelly closely misses you.
You barely miss the shadow.
The shadow is almost destroyed.
The shadow slips into darkness.
The shadow flickers and vanishes!
Deactivating autopickup; reactivate with Ctrl-A.
The jelly closely misses you.
You miss something. Your punch misses something. The jelly hits you.
The acid corrodes you!
You are splashed with acid!
* * * LOW HITPOINT WARNING * * *
The shadow strikes at you from the darkness!
You die...

▓▓▓ ##.# ####
####..# #__#
#..#..# #._#
#..#..###+#+###)##
##'#..#..........#
###...'.⌠........#
###...#...######h#
##....#.⌠.# #.{J#
#.....#.).# #...#
......#'### #...#
#.....#...# #...+
##....#___# +...#
▓▓▓▓▓▓▓▓▓▓ ▓▓▓▓▓


You could see a jelly.

Vanquished Creatures
  A scorpion (D)
  A necrophage (D)
  A water elemental (D)
  A wizard (D)
  A necromancer (D)
  A human (D)
  A kobold demonologist (D)
  An endoplasm (D)
  3 rats (D)
11 creatures vanquished.

Notes
Turn   | Place    | Note
-------+----------+-------------------------------------------
     0 | D        | jt the Merfolk Shapeshifter began the quest for the Orb.
     0 | D        | Reached XP level 1. HP: 15/15 MP: 1/1
    41 | D        | Reached skill level 4 in Unarmed Combat
    47 | D        | Noticed a scorpion
    60 | D        | Killed a scorpion
    61 | D        | Reached skill level 7 in Unarmed Combat
    61 | D        | Reached XP level 2. HP: 22/22 MP: 2/2
    61 | D        | Reached XP level 3. HP: 27/27 MP: 3/3
    61 | D        | Reached XP level 4. HP: 33/33 MP: 4/4
    67 | D        | Reached skill level 8 in Unarmed Combat
   112 | D        | Noticed a water elemental
   117 | D        | Killed a water elemental
   118 | D        | Reached skill level 10 in Unarmed Combat
   118 | D        | Reached XP level 5. HP: 35/39 MP: 5/5
   174 | D        | Found a shadowy altar of Dithmenos.
   183 | D        | Reached skill level 5 in Dodging
   183 | D        | Found a basalt altar of Yredelemnul.
   183 | D        | Found a sacrificial altar of Ru.
   223 | D        | Found a radiant altar of Vehumet.
   224 | D        | Found a shimmering blue altar of Sif Muna.
   224 | D        | Found an ancient bone altar of Kikubaaqudgha.
   230 | D        | Reached skill level 11 in Unarmed Combat
   230 | D        | Reached XP level 6. HP: 49/49 MP: 6/6
   236 | D        | Reached skill level 5 in Fighting
   275 | D        | Noticed a shadow
   287 | D        | Mangled by a shadow

Illustrated notes

Levels and vault maps discovered:
D:        dungeon_sprint_mu [sprint_mu_entry_cave, sprint_mu_temple_rooms,
          sprint_mu_d1_horrors, sprint_mu_d2_genie, sprint_mu_d3_branching,
          sprint_mu_orc_legion, sprint_mu_elf_gauntlet, sprint_mu_hive_nellie,
          sprint_mu_lair_fedhas, sprint_mu_vaults_butterflies,
          sprint_mu_slime_circle, sprint_mu_swamp_cave, sprint_mu_snake_twists,
          sprint_mu_blade_basic, sprint_mu_crypt_chambers,
          sprint_mu_tomb_spiral, sprint_mu_vestibule_basic,
          sprint_mu_gehenna_hellfire, sprint_mu_dis_giant,
          sprint_mu_tartarus_statrot, sprint_mu_cocytus_islands, sprint_mu_zot1]

Skill      XL: |  1  2  3  4  5  6 |
---------------+-------------------+-----
Unarmed Combat | 7 10 11 | 11.1
Fighting       | 2 4 5 |  5.0
Shapeshifting  | 6 |  6.0
Dodging        | 5 |  5.8
Evocations     | 2 |  2.2

Action                     |  1- 3 |  4- 6 || total
---------------------------+-------+-------++-------
  Melee: Unarmed           |    16 |    36 ||    52
         Punch             |     1 |     4 ||     5
  Evoke: Wand              |       |     1 ||     1
    Use: Potion            |     1 |     2 ||     3
 Armour: Skin              |     7 |     3 ||    10
         Animal skin       |     1 |     2 ||     3
  Dodge: Dodged            |     4 |    21 ||    25

Table legend: (Time is in decaauts)
 A = Elapsed time spent in this place.
 B = Non-inter-level travel time spent in this place.
 C = Inter-level travel time spent in this place.
 D = Time resting spent in this place.
 E = Time spent auto-exploring this place.
 F = Levels seen in this place.
 G = Mean time per level.
                   A        B        C        D        E       F      G
               +--------+--------+--------+--------+--------+-----+--------+
         Total |    293 |    293 |      0 |    125 |     11 |   1 |  293.0 |
       Dungeon |    293 |    293 |      0 |    125 |     11 |   1 |  293.0 |
               +--------+--------+--------+--------+--------+-----+--------+

Top non-repeatable levels by time:
       D: 293 daAuts
